 Dungeon Crawl Stone Soup version 0.27-a0-1456-gf5a116941d (webtiles) character file.

Game seed: 7776456999212669757

328 lunkers the Magician (level 6, -3/46 HPs)
             Began as a Djinni Earth Elementalist on July 7, 2021.
             Slain by Eustachio (7 damage)
             ... on level 4 of the Dungeon.
             The game lasted 00:04:50 (4054 turns).

lunkers the Magician (Djinni Earth Elementalist)    Turns: 4054, Time: 00:04:51

Health: -3/46      AC:  3    Str:  7    XL:     6   Next: 80%
Gold:   205        EV: 12    Int: 19    God:
                   SH:  0    Dex: 13

rFire    + + .     SeeInvis .   l - +2 dagger (drain)
rCold    x . .     Faith    .   (no shield)
rNeg     . . .     Spirit   .   b - +0 robe
rPois    ∞         Reflect  .   (no helmet)
rElec    .         Harm     .   (no cloak)
rCorr    .         Rampage  .   f - +0 pair of gloves
Will     .....                  (boots unavailable)
Stlth    ++........             (no amulet)
HPRegen  0.15/turn              (no ring)
MPRegen  0.00/turn              (no ring)

@: flying
A: sickness immunity, fire resistance 2, cold vulnerability 1, float, innate
caster, hp casting, extra vitality 1
a: no special abilities


You were on level 4 of the Dungeon.
You visited 1 branch of the dungeon, and saw 4 of its levels.
You also visited: Ossuary.

You collected 205 gold pieces.

Inventory:

Hand Weapons
 l - a +2 dagger of draining (weapon)
Missiles
 a - 8 curare-tipped darts
 c - 52 stones
Armour
 b - a +0 robe (worn)
 f - a +0 pair of gloves (worn)
Scrolls
 d - a scroll of fog
 g - 3 scrolls of holy word
 h - a scroll of torment {unknown}
 j - a scroll of enchant weapon {unknown}
 m - a scroll of enchant armour {unknown}
 q - a scroll of silence {unknown}
Potions
 i - 3 potions of haste
 k - a potion of mutation
 n - a potion of lignification
 o - a potion of berserk rage
 p - a potion of degeneration
 r - a potion of curing


   Skills:
 + Level 3.4 Fighting
 - Level 2.1 Dodging
 - Level 1.5 Stealth
 * Level 4.6 Spellcasting


You had one spell level left.
You knew the following spells:

 Your Spells              Type           Power      Damage    Failure   Level
a - Stone Arrow           Conj/Erth      44%        3d9       5%          3
b - Passwall              Tmut/Erth      18%        N/A       2%          2
c - Shock                 Conj/Air       88%        1d8       1%          1
d - Petrify               Tmut/Erth      22%        N/A       19%         4
e - Sandblast             Erth           44%        2d11      1%          1
f - Poisonous Vapours     Pois/Air       44%        N/A       2%          2
Your spell library was empty.

Dungeon Overview and Level Annotations

Branches:
Dungeon (4/15)            Ossuary (visited)
 Temple: D:4-7

Altars:

Shops:
D:1 !   D:2 (

Annotations:
D:3 2 runed translucent doors, quinnr's ghost, amateur TeAE
D:4 Eustachio


Innate Abilities, Weirdness & Mutations

You are immune to sickness and miasma.
You are immune to poison.
Your flesh is very heat resistant. (rF++)
You are vulnerable to cold. (rC-)
You float through the air rather than walking.
You learn spells naturally, not from books.
Your magical power is your life essence.
You have superior vitality. (+4 HP)


Message History

Eustachio is lightly wounded.
* * * LOW HITPOINT WARNING * * *
Eustachio casts a spell.
Eustachio blinks!
The crimson imp hits you but does no damage.
Unknown command.
Unknown command.
Casting: Sandblast (safe; 1% risk of failure)
Confirm with . or Enter, or press ? or * to list all spells.
Aiming: Sandblast (safe; 1% risk of failure)
Press: ? - help, Shift-Dir - straight line, f/p - Eustachio
Aim: Eustachio, wielding a +0 falchion and wearing a +0 leather armour (lightly wounded, extremely poisoned, 73% to hit)
The blast of sand hits Eustachio!
Eustachio is heavily wounded.
* * * LOW HITPOINT WARNING * * *
The crimson imp hits you.
* * * LOW HITPOINT WARNING * * *
Casting: Sandblast (safe; 1% risk of failure)
Confirm with . or Enter, or press ? or * to list all spells.
Aiming: Sandblast (safe; 1% risk of failure)
Press: ? - help, Shift-Dir - straight line, f/p - Eustachio
Aim: Eustachio, wielding a +0 falchion and wearing a +0 leather armour (heavily wounded, extremely poisoned, 73% to hit)
The blast of sand hits Eustachio.
Eustachio is heavily wounded.
* * * LOW HITPOINT WARNING * * *
Eustachio hits you with a +0 falchion!
* * * LOW HITPOINT WARNING * * *
The crimson imp barely misses you.
Unknown command.
The crimson imp hits you.
* * * LOW HITPOINT WARNING * * *
Casting: Sandblast (safe; 1% risk of failure)
Confirm with . or Enter, or press ? or * to list all spells.
Aiming: Sandblast (safe; 1% risk of failure)
Press: ? - help, Shift-Dir - straight line, f/p - Eustachio
Aim: Eustachio, wielding a +0 falchion and wearing a +0 leather armour (severely wounded, very poisoned, 73% to hit)
The blast of sand misses Eustachio.
* * * LOW HITPOINT WARNING * * *
Eustachio hits you with a +0 falchion!
You die...

...##..##..##....##....#
#..######..##....#..#..#
#'###..............##.##
....#.............###.#
.r@.#............##.#.#
#5.######..##...##..#.#
#55##..######..##...'.#
.<..#.......#..@##..#(#
....+.......'<.5@##.#.#
#..##......<#.....###.#
#..##.......#......##..
...######..##.......#..
...##..##..##..........#
.................##....#
.................# ..###
#..##............. ..#
#####.....[.......


You could see Eustachio (very poisoned) and a crimson imp (summoned).

Vanquished Creatures
  A black bear (D:4)
  A centaur zombie (Ossuary)
  2 human zombies (Ossuary)
  An iguana (D:4)
  2 mummies
  2 adders
  2 adder zombies (Ossuary)
  2 worms (D:2)
  2 dart slugs
  3 bats
  7 endoplasms
  A giant cockroach (D:2)
  3 goblins
  5 hobgoblins
  A quokka (D:2)
  2 frilled lizards
  A goblin zombie (Ossuary)
  11 hobgoblin zombies (Ossuary)
  7 kobolds
  7 kobold zombies (Ossuary)
  9 orc zombies (Ossuary)
  4 rats
  3 rat zombies (Ossuary)
79 creatures vanquished.

Vanquished Creatures (others)
  A bullfrog skeleton (D:4)
  Robin (D:4)
  6 goblins (D:4)
  5 hobgoblins (D:4)
13 creatures vanquished.

Grand Total: 92 creatures vanquished

Notes
Turn   | Place    | Note
-------+----------+-------------------------------------------
     0 | D:1      | lunkers the Djinni Earth Elementalist began the quest for
                  | the Orb.
     0 | D:1      | Reached XP level 1. HP: 15/15 MP: 0/0
   126 | D:1      | Found Loext's Distillery.
   167 | D:1      | Found a faded altar of an unknown god.
   191 | D:1      | Reached XP level 2. HP: 21/22 MP: 0/0
   298 | D:1      | Reached skill level 1 in Fighting
   661 | D:2      | Reached skill level 3 in Spellcasting
   661 | D:2      | Reached XP level 3. HP: 25/27 MP: 0/0
   661 | D:2      | Learned a level 1 spell: Shock
   890 | D:2      | Found Nikask's Weapon Emporium.
  1788 | D:3      | Found a runed translucent door.
  1791 | D:3      | Noticed quinnr's ghost (amateur TeAE)
  1811 | D:3      | Found a runed translucent door.
  1831 | D:3      | Reached XP level 4. HP: 32/33 MP: 0/0
  2486 | D:4      | Killed Robin
  2542 | D:4      | Noticed a black bear
  2550 | D:4      | Killed a black bear
  2551 | D:4      | Reached skill level 4 in Spellcasting
  2551 | D:4      | Reached XP level 5. HP: 27/39 MP: 0/0
  2551 | D:4      | Learned a level 2 spell: Poisonous Vapours
  2729 | D:4      | Noticed Eustachio
  2972 | D:4      | Found a sand-covered staircase.
  2985 | D:4      | Reached XP level 6. HP: 43/45 MP: 0/0
  2989 | Ossuary  | Entered an ossuary
  4054 | D:4      | Slain by Eustachio

Illustrated notes

Levels and vault maps discovered:
D:1:      amcnicky_arrival_feature_with_door, layout_rooms, serial_shops,
          nicolae_shop_temple_entry_statues_fountains,
          shapermc_ecumenical_altar_starsandcircs, corexii_corridor_pit
D:2:      layout_loops_ring, serial_shops, shop
D:3:      layout_basic, ebering_ghost_sewer_f,
          wander_ebering_terrifying_dragon_lair
D:4:      layout_gridville, slow_altar_2, gup_ossuary_entry_pyramid,
          lemuel_old_faithful, uniq_eustachio, uniq_robin

Skill      XL: |  1  2  3  4  5  6 |
---------------+-------------------+-----
Fighting       | 1 2 3 |  3.4
Spellcasting   | 3 4 |  4.6
Dodging        | |  2.1
Stealth        | |  1.5

Action                   |  1- 3 |  4- 6 || total
-------------------------+-------+-------++-------
Melee: Dagger            |       |     8 ||     8
 Cast: Sandblast         |    20 |    30 ||    50
       Shock             |    29 |    25 ||    54
       Poisonous Vapours |       |     7 ||     7
       Stone Arrow       |       |    35 ||    35
  Use: Scroll            |       |     8 ||     8
 Stab: Sleeping          |       |     1 ||     1
Armor: Robe              |       |    16 ||    16
Dodge: Dodged            |     1 |    23 ||    24

Table legend: (Time is in decaauts)
 A = Elapsed time spent in this place.
 B = Non-inter-level travel time spent in this place.
 C = Inter-level travel time spent in this place.
 D = Time resting spent in this place.
 E = Time spent auto-exploring this place.
 F = Levels seen in this place.
 G = Mean time per level.
                   A        B        C        D        E       F      G
               +--------+--------+--------+--------+--------+-----+--------+
         Total |   4054 |   3954 |    100 |    485 |   3025 |   5 |  810.8 |
       Dungeon |   3071 |   2971 |    100 |    209 |   2510 |   4 |  767.8 |
       Ossuary |    982 |    982 |      0 |    276 |    515 |   1 |  982.0 |
               +--------+--------+--------+--------+--------+-----+--------+

Top non-repeatable levels by time:
     D:3: 1150 daAuts
 Ossuary: 982 daAuts
     D:2: 896 daAuts
     D:1: 652 daAuts
     D:4: 371 daAuts
